 Dungeon Crawl Stone Soup version 0.19-a0-38-ga776ef0 (webtiles) character file.

33209 Eucla the Unseen (level 13, 0/70 HPs)
             Began as a Spriggan Enchanter on May 3, 2016.
             Was a High Priest of Dithmenos.
             Killed from afar by an electric eel (10 damage)
             ... with a bolt of electricity
             ... on level 7 of the Lair of Beasts on May 4, 2016.
             The game lasted 00:58:51 (14587 turns).

Eucla the Unseen (Spriggan Enchanter)              Turns: 14587, Time: 00:58:52

Health: 0/70       AC:  5    Str:  4    XL:     13   Next: 35%
Magic:  18/23      EV: 32    Int: 22    God:    Dithmenos [*****.]
Gold:   534        SH:  0    Dex: 19    Spells: 9 memorised, 1 level left

rFire  + . .     SeeInvis +     R - +3 quick blade
rCold  x . .     Gourm    .     b - +1 robe
rNeg   + . .     Faith    .     (shield restricted)
rPois  +         Spirit   .     (helmet restricted)
rElec  .         Dismiss  .     F - +1 ratskin cloak {rPois rN+ Int-1 Dex-1}
rCorr  .         Reflect  .     (gloves unavailable)
SustAt .         Harm     .     (boots unavailable)
MR     ++...                    (no amulet)
Stlth  ++++++....               o - ring of fire (curse)
                                Z - +5 ring of intelligence

@: wreathed by umbra, very quick, very resistant to hostile enchantments, very
stealthy
A: unfitting armour, see invisible, herbivore 3, speed 3, slow metabolism 2
a: Shadow Step, Shadow Form, Renounce Religion


You were on level 7 of the Lair of Beasts.
You worshipped Dithmenos.
Dithmenos was extremely pleased with you.
You were not hungry.

You visited 2 branches of the dungeon, and saw 14 of its levels.

You collected 788 gold pieces.
You spent 254 gold pieces at shops.

Inventory:

Hand Weapons
 p - a +1 dagger of venom
 v - a +1 dagger of protection
 Q - a +0 blowgun of evasion
 R - a +3 quick blade (weapon)
Missiles
 m - 34 poisoned needles
Armour
 b - a +1 robe (worn)
 F - the +1 ratskin cloak (worn) {rPois rN+ Int-1 Dex-1}
   (You found it on level 4 of the Dungeon)

   It affects your intelligence (-1).
   It affects your dexterity (-1).
   It protects you from poison.
   It protects you from negative energy.
 H - a +2 buckler
Jewellery
 a - a cursed ring of protection from fire {unknown}
 e - an uncursed ring of flight
 o - a cursed ring of fire (right hand)
 z - an uncursed ring of fire
 N - an uncursed ring of stealth
 S - a +4 ring of evasion
 T - an uncursed ring of ice
 V - an uncursed ring of protection from cold
 Z - a +5 ring of intelligence (left hand)
Wands
 t - a wand of acid (5/15)
 P - a wand of digging (13/24)
Scrolls
 g - 2 scrolls of blinking
 i - 4 scrolls of fog {unknown}
 j - 3 scrolls of random uselessness {unknown}
 k - 5 scrolls of teleportation {unknown}
 l - 6 scrolls of remove curse {unknown}
 n - 14 scrolls of identify {unknown}
 q - 3 scrolls of enchant armour {unknown}
 s - 3 scrolls of recharging {unknown}
 u - 2 scrolls of noise {unknown}
 y - 2 scrolls of immolation {unknown}
 C - 5 scrolls of magic mapping {unknown}
 I - a scroll of fear {unknown}
 K - a scroll of summoning {unknown}
Potions
 f - 8 potions of curing
 h - 3 potions of degeneration {unknown}
 r - 2 potions of haste {unknown}
 w - a potion of heal wounds {unknown}
 x - 3 potions of brilliance {unknown}
 B - 3 potions of agility {unknown}
 D - a potion of flight {unknown}
 E - a potion of invisibility {unknown}
 G - 2 potions of lignification {unknown}
 J - 2 potions of cure mutation {unknown}
 L - a potion of berserk rage {unknown}
 X - a potion of might {unknown}
Books
 c - a book of Maledictions

   Spells                             Type                      Level
   a - Corona                         Hexes                        1
   b - Ensorcelled Hibernation        Hexes/Ice                    2
   c - Confuse                        Hexes                        3
   d - Tukima's Dance                 Hexes                        3
   e - Dazzling Spray                 Conjuration/Hexes            3
 W - a book of Spatial Translocations

   Spells                             Type                      Level
   a - Apportation                    Translocation                1
   b - Blink                          Translocation                2
   c - Shroud of Golubria             Charms/Translocation         2
   d - Portal Projectile              Translocation                3
   e - Teleport Other                 Translocation                3
   f - Passage of Golubria            Translocation                4
 Y - a book of the Sky

   Spells                             Type                      Level
   a - Summon Lightning Spire         Summoning/Air                4
   b - Airstrike                      Air                          4
   c - Silence                        Hexes/Air                    5
   d - Deflect Missiles               Charms/Air                   6
   e - Conjure Ball Lightning         Conjuration/Air              6
   f - Tornado                        Air                          9
Miscellaneous
 U - a box of beasts {used: 1}
Comestibles
 d - 10 bread rations
 A - 40 fruits


   Skills:
 + Level 8.8 Fighting
 - Level 10.9 Short Blades
 - Level 15.0 Dodging
 - Level 16.2 Stealth
 - Level 6.5 Spellcasting
 - Level 10.8 Hexes


You had one spell level left.
You knew the following spells:

 Your Spells              Type           Power        Failure   Level  Hunger
a - Corona                Hex            ######.      1%          1    None
b - Ensorcelled Hibernat  Hex/Ice        ###...       1%          2    None
c - Confuse               Hex            ######..     1%          3    #......
d - Dazzling Spray        Conj/Hex       ####..       2%          3    #......
e - Blink                 Tloc           N/A          14%         2    None
f - Apportation           Tloc           #.........   10%         1    None
g - Shroud of Golubria    Chrm/Tloc      #.........   14%         2    None
h - Passage of Golubria   Tloc           N/A          85%         4    ###....
i - Deflect Missiles      Chrm/Air       #.........   100%        6    ######.


Dungeon Overview and Level Annotations

Branches:
Dungeon (9/15)               Lair (7/8) D:9           Swamp (0/4) Lair:6
  Snake (0/4) Lair:4        Slime (0/6) Lair:7
 Temple: D:4-7          Orc: D:9-12

Altars:
Dithmenos
Nemelex Xobeh
Okawaru
Jiyva

Shops:
D:4 =   D:5 **:   D:8 *

Annotations:
D:2 Robin


Innate Abilities, Weirdness & Mutations

You are tiny and cannot use many weapons and most armour.
You have supernaturally acute eyesight.
You are a herbivore.
You cover ground extremely quickly.
You need consume almost no food.


Message History

A crocodile, a rime drake and an electric eel come into view.
The electric eel shoots out a bolt of lightning at you!
The bolt of electricity misses you.
The bolt of electricity hits the plant.
Unknown command.
The electric eel shoots out a bolt of lightning at you!
The bolt of electricity hits you!
* * * LOW HITPOINT WARNING * * *
The bolt of electricity hits the plant.
Unknown command.
The electric eel shoots out a bolt of lightning at you!
The bolt of electricity hits the plant.
The bolt of electricity hits you!
* * * LOW HITPOINT WARNING * * *
The bolt of electricity misses you.
Unknown command.
Drink which item? (? for menu, Esc to quit)
It was a potion of curing.
You feel better. The crocodile completely misses you.
The electric eel shoots out a bolt of lightning at you!
The bolt of electricity hits the plant.
The bolt of electricity hits you!
You die...

#####...## ...#....#...#..P......
#P#.#....# ...............(.....
)........# #.#....P.##..........
......#### #....................
..P###### #....................
.....# #.####..PP.P...P..≈≈......
..P### #.....P.≈PPP≈P≈≈≈≈P≈.....
..P## #.......P≈≈PP≈P≈≈≈≈≈#..>.
...P####.#§§####@t≈≈≈PP≈≈≈≈≈#.._.
.#.P...###D.# #≈PP≈≈≈PP≈≈≈≈≈.....
..PPP..t...#.###≈≈≈≈≈≈≈≈P≈≈#.....
.....#P###..#.#♣≈≈≈≈≈;≈≈≈≈P♣#....
##.##### .....#♣PP≈≈≈≈≈≈≈≈≈♣♣...#
### ##.....♣♣≈≈≈≈≈≈≈≈≈≈♣.....
###.#.♣♣≈≈≈≈≈≈≈≈≈♣♣♣..P.
##.#♣♣≈≈≈≈≈≈≈≈♣ ##... #
♣≈≈≈≈≈≈♣♣♣ #.#.


You could see a crocodile and an electric eel.

Vanquished Creatures
  Fannar (Lair:1)
  7 hydras
  5 death yaks (Lair:6)
  A griffon (Lair:7)
  4 elephants (Lair:6)
  3 black mambas
  2 torpor snails (Lair:5)
  10 spiny frogs
  7 komodo dragons
  5 rime drakes
  Grinder (D:3)
  2 polar bears (Lair:4)
  2 giant leeches (Lair:6)
  17 blink frogs
  A wyvern (D:9)
  16 yaks
  3 basilisks
  5 hippogriffs
  A hungry ghost (D:9)
  3 nagas (Lair:4)
  7 water moccasins
  8 porcupines
  2 orc warriors (D:8)
  2 sky beasts
  2 ice beasts
  2 phantoms
  2 black bears
  7 wolves
  4 ogres
  10 crocodiles
  2 big kobolds
  13 giant frogs
  A gnoll sergeant (D:9)
  A wyvern skeleton (D:9)
  A scorpion (D:3)
  4 howler monkeys (D:8)
  A crimson imp (D:8)
  A giant frog zombie (D:8)
  2 jellies
  7 orc wizards
  4 orc priests
  A gnoll shaman (D:4)
  Jessica (D:2)
  Terence (D:2)
  7 iguanas
  11 sheep
  11 gnolls
  7 adders
  54 river rats
  4 shadow imps
  2 oozes
  2 adder skeletons
  An adder zombie (D:8)
  A worm (D:3)
  3 dart slugs
  3 giant geckos
  14 orcs
  8 giant cockroaches
  16 goblins
  7 hobgoblins
  4 jackals (D:2)
  16 kobolds
  4 quokkas
  2 ball pythons (D:1)
  6 bats
  A giant gecko skeleton (D:9)
  6 giant newts
  6 rats
  A fungus (Lair:6)
379 creatures vanquished.

Vanquished Creatures (collateral kills)
  An oklob plant (Lair:5)
1 creature vanquished.

Vanquished Creatures (others)
  13 fungi
  3 plants
16 creatures vanquished.

Grand Total: 396 creatures vanquished

Notes
Turn   | Place    | Note
--------------------------------------------------------------
     0 | D:1      | Eucla the Spriggan Enchanter began the quest for the Orb.
     0 | D:1      | Reached XP level 1. HP: 9/9 MP: 5/5
    86 | D:1      | Reached XP level 2. HP: 12/13 MP: 6/6
   126 | D:1      | Reached skill level 5 in Stealth
   767 | D:1      | Reached XP level 3. HP: 7/16 MP: 8/8
   771 | D:1      | Learned a level 2 spell: Ensorcelled Hibernation
   775 | D:1      | Learned a level 3 spell: Confuse
  1641 | D:2      | Noticed Terence
  1641 | D:2      | Noticed Robin
  1687 | D:2      | Reached skill level 6 in Stealth
  1694 | D:2      | Killed Terence
  1694 | D:2      | Reached XP level 4. HP: 21/21 MP: 6/9
  2052 | D:2      | Noticed Jessica
  2060 | D:2      | Killed Jessica
  2138 | D:2      | Found an iron altar of Okawaru.
  2423 | D:3      | Reached XP level 5. HP: 16/24 MP: 10/10
  2457 | D:3      | Reached skill level 5 in Short Blades
  2599 | D:3      | Noticed Grinder
  2620 | D:3      | Killed Grinder
  2620 | D:3      | Reached XP level 6. HP: 26/28 MP: 8/11
  2866 | D:3      | Reached skill level 7 in Stealth
  3034 | D:3      | Reached XP level 7. HP: 32/32 MP: 12/12
  3156 | D:3      | Reached skill level 8 in Stealth
  3552 | D:4      | Found Lev Buom's Jewellery Shoppe.
  4211 | D:4      | Reached skill level 5 in Hexes
  4388 | D:5      | Entered Level 5 of the Dungeon
  4423 | D:5      | Found Gepaty's Assorted Antiques.
  4431 | D:5      | Bought a runed buckler for 121 gold pieces
  4431 | D:5      | Bought a twisted copper wand for 108 gold pieces
  4432 | D:5      | Found Maxkox's General Store.
  4446 | D:5      | Reached XP level 8. HP: 21/36 MP: 8/15
  4451 | D:5      | Learned a level 3 spell: Dazzling Spray
  4471 | D:5      | Found Ruoss's Book Boutique.
  4482 | D:5      | You fall through a shaft for 3 floors!
  4482 | D:8      | Found a shadowy altar of Dithmenos.
  4500 | D:8      | Became a worshipper of Dithmenos the Shadowed
  5001 | D:8      | Reached skill level 1 in Fighting
  5176 | D:8      | Found Coigyet's Assorted Antiques.
  5182 | D:8      | Bought a scroll labeled ESAPTA XORIMI for 25 gold pieces
  5948 | D:9      | Reached * piety under Dithmenos
  5954 | D:9      | Reached XP level 9. HP: 46/46 MP: 4/16
  6032 | D:9      | Reached skill level 5 in Dodging
  6480 | D:9      | Found a staircase to the Lair.
  6481 | D:9      | Noticed an elephant
  6613 | D:9      | Reached skill level 9 in Stealth
  6880 | D:9      | Reached ** piety under Dithmenos
  6880 | D:9      | Reached skill level 10 in Stealth
  6973 | D:9      | Found a sparkling altar of Nemelex Xobeh.
  7135 | Lair:1   | Entered Level 1 of the Lair of Beasts
  7160 | Lair:1   | Noticed a komodo dragon
  7166 | Lair:1   | Killed a komodo dragon
  7176 | Lair:1   | Noticed a spiny frog
  7187 | Lair:1   | Killed a spiny frog
  7187 | Lair:1   | Reached skill level 11 in Stealth
  7187 | Lair:1   | Reached XP level 10. HP: 21/51 MP: 6/17
  7366 | Lair:1   | Noticed a four-headed hydra
  7373 | Lair:1   | Killed a four-headed hydra
  7373 | Lair:1   | Reached skill level 12 in Stealth
  7426 | Lair:1   | Noticed a spiny frog
  7433 | Lair:1   | Killed a spiny frog
  7484 | Lair:1   | Reached skill level 5 in Spellcasting
  7553 | Lair:1   | Reached skill level 5 in Fighting
  7613 | Lair:1   | Noticed Fannar
  7620 | Lair:1   | Killed Fannar
  7949 | Lair:2   | Noticed a seven-headed hydra
  7963 | Lair:2   | Killed a seven-headed hydra
  8022 | Lair:2   | Noticed a five-headed hydra
  8271 | Lair:2   | Noticed a four-headed hydra
  8302 | Lair:2   | Killed a four-headed hydra
  8302 | Lair:2   | Reached XP level 11. HP: 40/56 MP: 7/21
  8782 | Lair:2   | Killed a five-headed hydra
  8782 | Lair:2   | Reached skill level 10 in Short Blades
  8782 | Lair:2   | Reached skill level 10 in Hexes
  9842 | Lair:3   | Upgraded the game from 0.19-a0-36-g4a0968a to 0.19-a0-37-gd6153c6
  9894 | Lair:3   | Reached *** piety under Dithmenos
  9952 | Lair:3   | Reached skill level 13 in Stealth
 10643 | Lair:4   | Noticed a five-headed hydra
 10650 | Lair:4   | Killed a five-headed hydra
 10650 | Lair:4   | Reached skill level 10 in Dodging
 10762 | Lair:4   | Reached skill level 14 in Stealth
 10819 | Lair:4   | Found a staircase to the Snake Pit.
 10877 | Lair:4   | Reached XP level 12. HP: 59/61 MP: 0/22
 11035 | Lair:4   | Got a wizard robe
 11049 | Lair:4   | Identified the +1 robe of the Little Devil {rF++ MP-9} (You found it on level 4 of the Lair of Beasts)
 11794 | Lair:5   | Reached skill level 15 in Stealth
 11798 | Lair:5   | Reached **** piety under Dithmenos
 11924 | Lair:5   | Noticed a seven-headed hydra
 11931 | Lair:5   | Killed a seven-headed hydra
 12782 | Lair:6   | Found a staircase to the Swamp.
 12810 | Lair:6   | Reached skill level 15 in Dodging
 12890 | Lair:6   | Noticed a death yak
 12890 | Lair:6   | Noticed a death yak
 12890 | Lair:6   | Noticed a death yak
 12890 | Lair:6   | Noticed a death yak
 12893 | Lair:6   | Noticed a death yak
 12894 | Lair:6   | Killed a death yak
 12896 | Lair:6   | Noticed a death yak
 13116 | Lair:6   | Noticed a death yak
 13118 | Lair:6   | Noticed a death yak
 13119 | Lair:6   | Noticed a death yak
 13120 | Lair:6   | Noticed a death yak
 13125 | Lair:6   | Killed a death yak
 13152 | Lair:6   | Killed a death yak
 13153 | Lair:6   | Upgraded the game from 0.19-a0-37-gd6153c6 to 0.19-a0-38-ga776ef0
 13153 | Lair:6   | Killed a death yak
 13158 | Lair:6   | Reached XP level 13. HP: 53/66 MP: 0/23
 13276 | Lair:6   | Reached skill level 16 in Stealth
 13972 | Lair:7   | Found a viscous altar of Jiyva.
 13972 | Lair:7   | Found a staircase to the Slime Pits.
 14378 | Lair:7   | Reached ***** piety under Dithmenos
 14403 | Lair:7   | Learned a level 2 spell: Blink
 14405 | Lair:7   | Learned a level 1 spell: Apportation
 14408 | Lair:7   | Learned a level 2 spell: Shroud of Golubria
 14413 | Lair:7   | Learned a level 4 spell: Passage of Golubria
 14420 | Lair:7   | Learned a level 6 spell: Deflect Missiles
 14484 | Lair:7   | Identified a scroll of acquirement
 14586 | Lair:7   | HP: 1/70 [electric eel/bolt of electricity (11)]
 14587 | Lair:7   | Killed from afar by an electric eel

Vault maps used:
D:1:      dpeg_arrival_stone_temple_mockup
D:2:      okawaru_metal_pillars_3, uniq_terence, uniq_robin, uniq_jessica
D:3:      first_bread, st_stairs_7, minmay_misc_feat_encased, uniq_grinder
D:4:      serial_shops, shop_statue, grunt_ministairs_11
D:5:      lemuel_upstairs_altar, elyvilon_altar_5, serial_shops, shop_statue,
          nicolae_shop_trees, shop, nicolae_shop_temple_entry_statues_fountains
D:8:      lemuel_coloured_pillars_altar, serial_shops, shop, blue_anna_alchemist
D:9:      nemelex_deck, david_lair_generic
Lair:1:   uniq_fannar
Lair:4:   minmay_snake_entry_guardpost_small, beast_lair_carwin_2,
          grunt_megastairs_1
Lair:5:   infiniplex_staircase_pool_2
Lair:6:   minmay_swamp_entry_worms, st_stairs_8, grunt_megastairs_3,
          serial_bayou_shore_b, lemuel_fruit_fields
Lair:7:   slime_altar_1, bobbens_dragon_lair_wall, grunt_megastairs_5,
          serial_bayou_shore_a, lemuel_fruit_fields, serial_bayou_shore_b

Skill      XL: |  1  2  3  4  5  6  7  8  9 10 11 12 13 |
---------------+----------------------------------------+-----
Stealth        | 5 6 7 8 11 12 14 15 16 | 16.2
Short Blades   | 2 3 4 6 8 9 10 | 10.9
Spellcasting   | 4 6 |  6.5
Hexes          | 7 8 9 10 | 10.8
Fighting       | 4 6 8 |  8.8
Dodging        | 4 8 10 15 | 15.0

Action                   |  1- 3 |  4- 6 |  7- 9 | 10-12 | 13-15 || total
-------------------------+-------+-------+-------+-------+-------++-------
Melee: Dagger            |   179 |   142 |   323 |   353 |   174 ||  1171
       Quick blade       |       |       |       |       |     1 ||     1
 Cast: Ensorcelled Hiber |     3 |     2 |    56 |   133 |    21 ||   215
       Confuse           |       |     1 |    14 |     4 |       ||    19
       Dazzling Spray    |       |       |    15 |    55 |    12 ||    82
       Corona            |       |       |       |       |     2 ||     2
Evoke: Wand              |       |       |       |     1 |       ||     1
       Box of beasts     |       |       |       |     1 |       ||     1
  Use: Scroll            |       |       |       |       |     5 ||     5
       Potion            |       |       |       |       |     1 ||     1
 Stab: Sleeping          |    13 |    10 |    42 |   110 |    33 ||   208
       Confused          |       |     2 |     7 |     1 |       ||    10
       Distracted        |       |     1 |     3 |     7 |       ||    11
       Invisible         |       |       |     3 |    17 |     1 ||    21
  Eat: Royal jelly       |       |     1 |     1 |       |       ||     2
       Fruit             |       |       |     8 |     5 |       ||    13
       Pizza             |       |       |       |     1 |       ||     1
Armor: Robe              |     7 |    15 |    22 |    14 |     2 ||    60
Dodge: Dodged            |   101 |   101 |   260 |   351 |   158 ||   971
